 Dungeon Crawl Stone Soup version 0.16-a0-2296-gdce89d5 (webtiles) character file.

97 smajdalf the Ruffian (level 4, -1/35 (36) HPs)
             Began as a Ghoul Warper on Nov 17, 2014.
             Killed from afar by an orc wizard (5 damage)
             ... with a puff of flame
             ... on level 3 of the Dungeon.
             The game lasted 00:08:47 (3287 turns).

smajdalf the Ruffian (Ghoul Warper)                 Turns: 3287, Time: 00:08:48

HP:   -1/35 (36)    AC:  3    Str: 14    XL:     4   Next: 68%
MP:   5/5           EV: 10    Int:  9    God:
Gold: 111           SH:  0    Dex:  8    Spells: 1 memorised, 5 levels left

rFire  . . .     SeeInvis .       - Unarmed
rCold  + . .     Clarity  .     b - +0 leather armour
rNeg   + + +     SustAb   .     (no shield)
rPois  +         Gourm    .     (no helmet)
rElec  .         Spirit   .     (no cloak)
rCorr  .         Warding  .     (no gloves)
rMut   .         Stasis   .     (no boots)
MR     .....                    (no amulet)
Stlth  +.........               (no ring)
                                (no ring)

@: rotting, not resistant to hostile enchantments, very unstealthy
A: rotting body, claws 1, carnivore 3, cold resistance 1, negative energy
resistance 3, poison resistance, slow healing 1, torment resistance, unbreathing
a: no special abilities


You were on level 3 of the Dungeon.
You were not hungry.

You visited 1 branch of the dungeon, and saw 3 of its levels.

You collected 111 gold pieces.

Inventory:

Missiles
 e - 5 tomahawks of dispersal (quivered)
Armour
 b - a +0 leather armour (worn)
Magical devices
 o - a wand of magic darts (13)
Scrolls
 d - a scroll of blinking
 f - a scroll of remove curse {unknown}
 h - a scroll of teleportation {unknown}
 j - a scroll of enchant armour {unknown}
 m - a scroll of fear {unknown}
 r - a scroll of enchant weapon {unknown}
 s - a scroll of identify {unknown}
Potions
 a - a potion of curing {unknown}
 g - a potion of cure mutation {unknown}
 k - a potion of restore abilities {unknown}
 n - a potion of poison {unknown}
 p - a potion of cancellation {unknown}
 q - a potion of flight {unknown}
 t - 2 potions of haste {unknown}
Books
 c - a book of Spatial Translocations

   Spells                             Type                      Level
   *Apportation                       Translocation                1
   Blink                              Translocation                2
   Shroud of Golubria                 Charms/Translocation         2
   Portal Projectile                  Translocation                3
   Teleport Other                     Translocation                3
   Passage of Golubria                Translocation                4
Comestibles
 i - a meat ration
 l - a royal jelly


   Skills:
 - Level 2.1 Fighting
 - Level 0.8 Throwing
 - Level 0.8 Armour
 - Level 1.7 Dodging
 + Level 5.2 Unarmed Combat
 - Level 1.7 Spellcasting
 - Level 2.6 Translocations


You had 5 spell levels left.
You knew the following spells:

 Your Spells              Type           Power        Failure   Level  Hunger
a - Apportation           Tloc           #.........   12%         1    ##.....


Dungeon Overview and Level Annotations

Branches:
Dungeon (3/15)

Altars:
Trog
Yredelemnul
The Shining One


Innate Abilities, Weirdness & Mutations

Your body is rotting away.
You thrive on raw meat.
You have sharp fingernails.
You are carnivorous and can eat meat at any time.
Your flesh is cold resistant.
You are immune to negative energy.
Your system is resistant to poisons.
You heal slowly when monsters are visible.
You are immune to unholy pain and torment.
You can survive without breathing.


Message History

You scratch the orc wizard.
The orc wizard is heavily wounded.
The orc wizard hits you but does no damage.
You scratch the orc wizard.
The orc wizard is severely wounded.
The orc wizard points at you and mumbles some strange words.
The puff of flame hits you!
* * * LOW HITPOINT WARNING * * *
You are too injured to fight recklessly!
You are too injured to fight recklessly!
You are too injured to fight recklessly!
You scratch the orc wizard but do no damage.
The orc wizard is severely wounded.
The orc wizard hits you with a dagger.
* * * LOW HITPOINT WARNING * * *
You barely miss the orc wizard.
The orc wizard is severely wounded.
The orc wizard casts a spell at you. The puff of flame hits you!
You die...

######### ##.......
....... ..... #. #...
..# ... ##.o# ..#
#...##..@# #.#
#.%...._.###.#
#...##.......######### .
##......#.......#
##...#..........#
...#.......#.......####
.........)....(.........
#.###########.......##
#.......#


You could see an orc wizard (bleeding).

Vanquished Creatures
  3 adders (D:2)
  A worm (D:3)
  2 giant geckos (D:1)
  2 oozes
  An orc (D:3)
  13 bats
  3 giant cockroaches
  7 goblins
  11 hobgoblins
  3 jackals (D:2)
  4 kobolds
  A giant newt (D:1)
  6 rats
  2 plants (D:2)
59 creatures vanquished.

Vanquished Creatures (others)
  A jackal (D:2)
  A giant newt (D:2)
2 creatures vanquished.

Grand Total: 61 creatures vanquished

Notes
Turn   | Place    | Note
--------------------------------------------------------------
     0 | D:1      | smajdalf, the Ghoul Warper, began the quest for the Orb.
     0 | D:1      | Reached XP level 1. HP: 17/17 MP: 2/2
   133 | D:1      | Reached skill level 3 in Unarmed Combat
   133 | D:1      | Reached XP level 2. HP: 21/24 MP: 3/3
   548 | D:1      | Reached XP level 3. HP: 29/29 MP: 5/5
  1441 | D:2      | Reached skill level 4 in Unarmed Combat
  1625 | D:2      | Found a glowing golden altar of the Shining One.
  1626 | D:2      | Noticed an angel
  1641 | D:2      | Found a basalt altar of Yredelemnul.
  1642 | D:2      | Noticed a profane servitor
  1969 | D:2      | Reached XP level 4. HP: 19/36 MP: 5/5
  2633 | D:2      | Found a basalt altar of Yredelemnul.
  2633 | D:2      | Found a glowing golden altar of the Shining One.
  2822 | D:2      | Reached skill level 5 in Unarmed Combat
  3260 | D:3      | Found a bloodstained altar of Trog.
  3287 | D:3      | Killed from afar by an orc wizard

Action                   |  1- 3 |  4- 6 || total
-------------------------+-------+-------++-------
Melee: Unarmed           |   156 |   306 ||   462
Evoke: Wand              |       |     1 ||     1
  Eat: Chunk             |    23 |    10 ||    33
